 Dungeon Crawl Stone Soup version 0.31-a0-986-g5e6e4ef867 (webtiles) character file.

Game seed: 8388704577752722150

457 bmb222 the Ruffian (level 6, -8/44 HPs)
             Began as a Demonspawn Shapeshifter on Nov 22, 2023.
             Mangled by a gnoll bouda
             ... wielding a +1 whip of electrocution
              (16 damage)
             ... on level 4 of the Dungeon.
             The game lasted 00:07:26 (4335 turns).

bmb222 the Ruffian (Demonspawn Shapeshifter)        Turns: 4335, Time: 00:07:27

Health: -8/44      AC:  9    Str: 16    XL:     6   Next: 77%
Magic:  6/6        EV:  8    Int: 12    God:
Gold:   226        SH:  0    Dex: 18    Spells: 5/5 levels left

rFire   . .          .
                       - Unarmed
rCold   . . .        (no shield)
rNeg    . . .        j - +0 chain mail
rPois   .            (helmet currently unavailable)
rElec   .            (cloak currently unavailable)
rCorr   .            (gloves currently unavailable)
SInv    .            (boots currently unavailable)
Will    .....        (no amulet) Stlth
                     s - +6 ring of dexterity
HPRegen 0.27/turn    (no ring)
MPRegen 0.10/turn

%: no passive effects
@: beast-form, weakened
A: beast (slay +2), claws 1, powered by death 2, weakness stinger 1
a: Begin Untransformation


You were on level 4 of the Dungeon.
You were a hulking beast.
You visited 1 branch of the dungeon, and saw 5 of its levels.

You collected 226 gold pieces.

Inventory:

Armour
 j - a +0 chain mail (worn)
 o - a +1 pair of gloves
Jewellery
 g - a ring of wizardry
 s - a +6 ring of dexterity (left claw)
Talismans
 c - a beast talisman
 d - a flux talisman
Wands
 t - a wand of paralysis (5)
Scrolls
 e - a scroll of fear
 f - a scroll of enchant weapon {unknown}
 h - 2 scrolls of revelation
 i - a scroll of teleportation {unknown}
Potions
 b - 3 potions of lignification
 k - 2 potions of might
 l - a potion of brilliance
 m - a potion of degeneration {unknown}
 p - a potion of magic {unknown}
 q - 3 potions of curing
 u - a potion of resistance {unknown}
 v - a potion of invisibility {unknown}


   Skills:
 + Level 1.7 Fighting
 * Level 3.3 Armour
 - Level 1.7 Dodging
 + Level 5.0 Unarmed Combat
 + Level 3.8 Shapeshifting


You had 5 spell levels left.
You didn't know any spells.
Your spell library contained the following spells:

 Spells                   Type           Power      Damage    Failure   Level
 Sandblast                Erth           0%         2d4       98%         1
 Passwall                 Tmut/Erth      0%         N/A       99%         2
 Frozen Ramparts          Ice            0%         1d1       100%        3
 Stone Arrow              Conj/Erth      0%         3d7       100%        3
 Brom's Barrelling Bould  Conj/Erth      0%         2d3       100%        4
 Petrify                  Tmut/Erth      0%         N/A       100%        4
 Metabolic Englaciation   Hex/Ice        0%         N/A       100%        5


Dungeon Overview and Level Annotations

Branches:
Dungeon (5/15)
 Temple: D:4-7

Altars:
Yredelemnul

Shops:
D:1 *   D:3 *   D:4 !

Annotations:
D:2 1 runed translucent door, Crazy Yiuf
D:4 3 runed translucent doors, mewnfare's ghost, weakling FoDe


Innate Abilities, Weirdness & Mutations

You are a hulking beast.
Your limbs bulge with bestial killing power. (Slay +2)
You have sharp fingernails.
You regenerate health from kills.
You have a small tail.


Message History

You claw the gnoll.
The gnoll is severely wounded.
The orc barely misses you. The gnoll hits you with a +0 flail.
You barely miss the gnoll. You tail-slap the gnoll.
You kill the gnoll!
The orc hits you but does no damage.
You scratch the orc. You tail-slap the orc.
You kill the orc!
You start resting.
HP restored.
You start waiting.
Done waiting.
You climb downwards.
The gnoll closely misses you. The gnoll bouda barely misses you.
The orc barely misses you.
The gnoll hits you from afar with a +0 spear.
There is a stone staircase leading up, spattered with blood here.
The gnoll bouda gazes fiercely through you!
You feel your attacks grow feeble. The gnoll bouda barely misses you.
The orc barely misses you.
The gnoll hits you from afar with a +0 spear.
You climb upwards.
Level annotation: 3 runed translucent doors, mewnfare's ghost, weakling FoDe
There is a stone staircase leading down here.
You scratch the gnoll bouda but do no damage.
The gnoll bouda gazes fiercely through you!
You feel as though you will be weak longer.
The gnoll bouda hits you with a +1 whip of electrocution!
You are electrocuted!
The orc hits you but does no damage.
You scratch the gnoll bouda but do no damage.
You tail-slap the gnoll bouda, but do no damage.
The gnoll bouda hits you with a +1 whip of electrocution!
* * * LOW HITPOINT WARNING * * *
The orc hits you with a +0 hand axe.
* * * LOW HITPOINT WARNING * * *
You scratch the gnoll bouda.
You tail-slap the gnoll bouda, but do no damage.
The gnoll bouda is moderately wounded.
The gnoll bouda hits you but does no damage.
You are electrocuted!
You die...

...8# ....#
#8#.############
###.#..........#
....#..........#
....#..........#
#####..........#
....8..........###
..............(gh#
.....###########o#
.....# #.# .....# #.#
.....# ######.# .....#
#......# .....#
#.###..###############
.....######.#
#................#
.....#......#
#..)############.#


You could see a gnoll bouda and an orc.

Vanquished Creatures
  An ogre (D:4)
  A phantom (D:4)
  A centaur zombie (D:4)
  A jelly (D:4)
  An iguana (D:4)
  An adder (D:2)
  9 gnolls
  An adder zombie (D:4)
  A worm (D:3)
  10 dart slugs
  11 orcs
  5 bats
  3 endoplasms
  4 giant cockroaches
  7 goblins
  3 hobgoblins
  4 quokkas
  4 ball pythons
  4 frilled lizards
  6 kobolds
  3 rats
81 creatures vanquished.

Notes
Turn   | Place    | Note
-------+----------+-------------------------------------------
     0 | D:1      | bmb222 the Demonspawn Shapeshifter began the quest for the
                  | Orb.
     0 | D:1      | Reached XP level 1. HP: 15/15 MP: 1/1
   255 | D:1      | Discovered your monstrous ancestry.
   255 | D:1      | Gained mutation: You have sharp fingernails. [demonic
                  | ancestry]
   255 | D:1      | Reached XP level 2. HP: 16/21 MP: 2/2
   362 | D:1      | Found Kosuts's Assorted Antiques.
   447 | D:1      | Reached skill level 3 in Unarmed Combat
   928 | D:2      | Gained mutation: You regenerate a little health from kills.
                  | [demonic ancestry]
   928 | D:2      | Reached XP level 3. HP: 26/26 MP: 3/3
  1190 | D:2      | Found a runed translucent door.
  1191 | D:2      | Noticed Crazy Yiuf
  1576 | D:3      | Reached skill level 1 in Armour
  1792 | D:3      | Reached XP level 4. HP: 32/32 MP: 4/4
  2250 | D:3      | Found a transporter.
  2256 | D:3      | Found Ydewuoxi's Assorted Antiques.
  2258 | D:3      | Found a transporter.
  2797 | D:4      | Noticed a phantom
  2893 | D:4      | Found Raponis's Distillery.
  3107 | D:4      | Killed a phantom
  3108 | D:4      | Reached skill level 4 in Unarmed Combat
  3108 | D:4      | Gained mutation: You regenerate health from kills. [demonic
                  | ancestry]
  3108 | D:4      | Reached XP level 5. HP: 26/37 MP: 5/5
  3207 | D:4      | Found a basalt altar of Yredelemnul.
  3234 | D:4      | Identified the +2 scale mail of the Present {rF+ Will+
                  | Int-2 SInv}
  3235 | D:4      | Found a runed translucent gate.
  3235 | D:4      | Noticed mewnfare's ghost (weakling FoDe)
  3305 | D:4      | Gained mutation: You have a small tail. [demonic ancestry]
  3305 | D:4      | Reached XP level 6. HP: 14/43 MP: 6/6
  3634 | D:4      | Found a runed translucent gate.
  3635 | D:4      | Found a runed translucent gate.
  3894 | D:5      | Entered Level 5 of the Dungeon
  3895 | D:5      | Noticed a sky beast
  3904 | D:4      | HP: 1/43 [iguana (6)]
  4157 | D:5      | Noticed an ice beast
  4198 | D:5      | Reached skill level 5 in Unarmed Combat
  4335 | D:4      | Mangled by a gnoll bouda

Illustrated notes

Levels and vault maps discovered:
D:1:      lightli_arrival_windingriver, layout_loops_ring, serial_shops,
          nicolae_shop_tiny_glass, dreamdust_mushroom_princess,
          minmay_misc_feat_roman, minmay_stone_trees_small,
          hangedman_abyss_or_decor_lesser_grid
D:2:      layout_loops_ring, minmay_fountain_box, uniq_crazy_yiuf_cottage
D:3:      kennysheep_slugbush, layout_loops_ring, serial_shops,
          nicolae_shop_drivethru
D:4:      layout_basic, lemuel_zombie_altar_yredelemnul,
          biasface_ghost_orc_armoury, serial_shops, nicolae_shop_rolling_square
D:5:      layout_basic, minmay_checkerbox

Skill      XL: |  1  2  3  4  5  6 |
---------------+-------------------+-----
Shapeshifting  | 3 |  3.8
Unarmed Combat | 3 4 5 |  5.0
Armour         | 1 2 3 |  3.3
Fighting       | |  1.7
Dodging        | |  1.7

Action                     |  1- 3 |  4- 6 || total
---------------------------+-------+-------++-------
  Melee: Unarmed           |   115 |   134 ||   249
         Punch             |     3 |     2 ||     5
         Tailslap          |       |     9 ||     9
  Evoke: Wand              |       |     1 ||     1
    Use: Scroll            |       |     9 ||     9
         Potion            |       |     2 ||     2
   Stab: Sleeping          |     1 |       ||     1
         Paralysed         |       |     3 ||     3
 Armour: Animal skin       |    34 |       ||    34
         Ring mail         |    31 |    66 ||    97
         Chain mail        |       |    19 ||    19
  Dodge: Dodged            |   100 |    73 ||   173

Table legend: (Time is in decaauts)
 A = Elapsed time spent in this place.
 B = Non-inter-level travel time spent in this place.
 C = Inter-level travel time spent in this place.
 D = Time resting spent in this place.
 E = Time spent auto-exploring this place.
 F = Levels seen in this place.
 G = Mean time per level.
                   A        B        C        D        E       F      G
               +--------+--------+--------+--------+--------+-----+--------+
         Total |   4334 |   4235 |     99 |    845 |   2509 |   5 |  866.8 |
       Dungeon |   4334 |   4235 |     99 |    845 |   2509 |   5 |  866.8 |
               +--------+--------+--------+--------+--------+-----+--------+

Top non-repeatable levels by time:
     D:4: 1500 daAuts
     D:3: 1250 daAuts
     D:1: 853 daAuts
     D:2: 704 daAuts
     D:5: 25 daAuts
